 Dungeon Crawl Stone Soup version 0.29-a0-284-gf9362112df (webtiles) character file.

Game seed: 3237886062361176949

46 gzilladon the Chopper (level 3, -2/34 HPs)
             Began as a Hill Orc Monk on Mar 25, 2022.
             Slain by a quokka (4 damage)
             ... on level 2 of the Dungeon.
             The game lasted 00:04:12 (1406 turns).

gzilladon the Chopper (Hill Orc Monk)               Turns: 1406, Time: 00:04:13

Health: -2/34      AC:  5    Str: 15    XL:     3   Next: 68%
Magic:  3/3        EV: 12    Int: 10    God:
Gold:   74         SH:  0    Dex: 13    Spells: 2/2 levels left

rFire   . . .      SeeInvis .   a - +0 hand axe
rCold   . . .      Faith    .   (no shield)
rNeg    . . .      Spirit   .   b - +0 robe
rPois   .          Reflect  .   (no helmet)
rElec   .          Harm     .   (no cloak)
rCorr   .          Rampage  .   i - +2 pair of gloves
Will    .....                   (no boots)
Stlth   ++........              (no amulet)
HPRegen 0.11/turn               (no ring)
MPRegen 0.08/turn               (no ring)

@: no status effects
A: no striking features
a: no special abilities


You were on level 2 of the Dungeon.
You visited 1 branch of the dungeon, and saw 2 of its levels.

You collected 74 gold pieces.

Inventory:

Hand Weapons
 a - a +0 hand axe (weapon)
Missiles
 e - 3 curare-tipped darts (quivered)
 g - 4 javelins
 h - 36 stones
Armour
 b - a +0 robe (worn)
 i - a +2 pair of gloves (worn)
Potions
 c - a potion of ambrosia
 d - a potion of heal wounds {unknown}
 f - a potion of attraction {unknown}


   Skills:
 * Level 4.3 Fighting
 * Level 5.0 Axes
 + Level 2.7 Dodging
 - Level 1.5 Stealth


You had 2 spell levels left.
You didn't know any spells.
Your spell library was empty.

Dungeon Overview and Level Annotations

Branches:
Dungeon (2/15)

Altars:


Message History

The adder is almost dead.
You feel sick. The adder closely misses you.
You hit the adder.
You kill the adder!
* * * LOW HITPOINT WARNING * * *
You feel sick.
Your Axes skill increases to level 5!
You hit the hobgoblin.
The hobgoblin is heavily wounded.
* * * LOW HITPOINT WARNING * * *
You feel sick. The hobgoblin closely misses you.
You barely miss the hobgoblin.
The hobgoblin is heavily wounded.
You feel sick. The hobgoblin closely misses you.
You hit the hobgoblin but do no damage.
The hobgoblin is heavily wounded.
You feel sick. The hobgoblin misses you.
You hit the hobgoblin.
You kill the hobgoblin!
* * * LOW HITPOINT WARNING * * *
You feel sick.
You hit the jackal.
The jackal is heavily wounded.
You feel sick. The jackal barely misses you.
You hit the jackal.
You kill the jackal!
You feel sick.
You are no longer poisoned.
The jackal bites you but does no damage.
You barely miss the jackal.
The jackal bites you but does no damage.
You hit the jackal.
The jackal is heavily wounded.
The jackal closely misses you. The jackal misses you.
You hit the jackal.
You kill the jackal!
You hit the quokka.
The quokka is moderately wounded.
The quokka bites you.
You die...

#......#.#
#...#### #
#...# #...#
#...# ##.##
#.# ###.#
#@..# #r###
....
.......
#[.(.....
..........#
.#........#
#........#


You could see a quokka.

Vanquished Creatures
  An adder (D:2)
  A dart slug (D:1)
  4 endoplasms (D:1)
  A giant cockroach (D:1)
  5 goblins (D:1)
  3 hobgoblins
  2 jackals (D:2)
  4 kobolds (D:1)
  4 ball pythons (D:1)
  2 bats (D:1)
  4 frilled lizards
  A rat (D:1)
32 creatures vanquished.

Vanquished Creatures (others)
  3 plants (D:2)
3 creatures vanquished.

Grand Total: 35 creatures vanquished

Notes
Turn   | Place    | Note
-------+----------+-------------------------------------------
     0 | D:1      | gzilladon the Hill Orc Monk began the quest for the Orb.
     0 | D:1      | Reached XP level 1. HP: 19/19 MP: 1/1
   223 | D:1      | Reached XP level 2. HP: 12/27 MP: 2/2
   800 | D:1      | Reached XP level 3. HP: 13/33 MP: 3/3
  1397 | D:2      | Reached skill level 5 in Axes
  1406 | D:2      | Slain by a quokka

Illustrated notes

Levels and vault maps discovered:
D:1:      dpeg_arrival_rooms_with_view, layout_basic
D:2:      layout_rooms, basic_altar, serial_bayou_ford_a

Skill      XL: |  1  2  3 |
---------------+----------+-----
Fighting       | 4 |  4.3
Axes           | 5 |  5.0
Dodging        | |  2.7
Stealth        | |  1.5

Action                   || total
-------------------------++-------
Melee: Hand axe          ||   107
       Punch             ||     2
 Stab: Sleeping          ||     1
Armor: Robe              ||    22
Dodge: Dodged            ||    69

Table legend: (Time is in decaauts)
 A = Elapsed time spent in this place.
 B = Non-inter-level travel time spent in this place.
 C = Inter-level travel time spent in this place.
 D = Time resting spent in this place.
 E = Time spent auto-exploring this place.
 F = Levels seen in this place.
 G = Mean time per level.
                   A        B        C        D        E       F      G
               +--------+--------+--------+--------+--------+-----+--------+
         Total |   1413 |   1331 |     82 |    681 |      0 |   2 |  706.5 |
       Dungeon |   1413 |   1331 |     82 |    681 |      0 |   2 |  706.5 |
               +--------+--------+--------+--------+--------+-----+--------+

Top non-repeatable levels by time:
     D:1: 1371 daAuts
     D:2: 42 daAuts
